 Dungeon Crawl Stone Soup version 0.20-a0-513-g02c11fc (webtiles) character file.

205 kae the Slasher (level 5, -5/43 HPs)
             Began as a Barachian Fighter on Jan 23, 2017.
             Slain by a gnoll
             ... wielding a +0 halberd
              (10 damage)
             ... on level 3 of the Dungeon.
             The game lasted 00:03:03 (2556 turns).

kae the Slasher (Barachian Fighter)                 Turns: 2556, Time: 00:03:04

Health: -5/43      AC:  9    Str: 20    XL:     5   Next: 83%
Magic:  5/5        EV:  7    Int:  7    God:
Gold:   112        SH:  9    Dex: 10    Spells: 4/4 levels left

rFire    . . .     SeeInvis .   a - +0 long sword
rCold    . . .     Gourm    +   b - +1 scale mail
rNeg     . . .     Faith    .   c - +0 shield
rPois    .         Spirit   .   (no helmet)
rElec    .         Reflect  .   h - +0 cloak
rCorr    .         Harm     .   (no gloves)
MR       .....                  (no boots)
Stlth    ..........             m - amulet of the gourmand
Regen    0.2/turn               (no ring)
                                (no ring)

@: mighty, can't hop, slow
A: swims, slowness 1, strong legs 1
a: Hop


You were on level 3 of the Dungeon.
You were not hungry.

You visited 1 branch of the dungeon, and saw 3 of its levels.

You collected 112 gold pieces.

Inventory:

Hand Weapons
 a - a +0 long sword (weapon)
Armour
 b - a +1 scale mail (worn)
 c - a +0 shield (worn)
 h - a +0 cloak (worn)
Jewellery
 g - an uncursed ring of magical power {unknown}
 m - an amulet of the gourmand (around neck)
Scrolls
 j - 6 scrolls of teleportation
 o - 2 scrolls of identify
 q - a scroll of recharging
Potions
 e - a potion of cancellation
 i - 2 potions of brilliance
 n - 2 potions of curing {unknown}
 p - a potion of degeneration {unknown}
Comestibles
 f - 4 bread rations
 k - 4 royal jellies
 l - 2 meat rations
 s - 3 fruits


   Skills:
 + Level 4.3 Fighting
 * Level 4.9 Long Blades
 + Level 4.3 Armour
 - Level 3.0 Shields


You had 4 spell levels left.
You didn't know any spells.

Dungeon Overview and Level Annotations

Branches:
Dungeon (3/15)

Altars:


Innate Abilities, Weirdness & Mutations

You can swim through water.
You cover ground slowly.
You can hop short distances.


Message History

The bat hits you but does no damage. The gnoll hits you but does no damage.
You closely miss the gnoll. The bat hits you but does no damage.
The bat barely misses you.
You riposte.
You slash the bat!
You kill the bat!
You block the gnoll's attack. The gnoll hits you with a whip.
The gnoll hits you from afar with a halberd!
You slash the gnoll!
The gnoll is severely wounded.
You block the gnoll's attack. The gnoll hits you with a whip.
The gnoll hits you.
* * * LOW HITPOINT WARNING * * *
The gnoll closely misses you. The gnoll hits you with a whip.
* * * LOW HITPOINT WARNING * * *
You barely miss the gnoll.
The gnoll is severely wounded.
The gnoll hits you.
* * * LOW HITPOINT WARNING * * *
You block the gnoll's attack.
The gnoll hits you from afar with a halberd!
You die...

.# #....#.......#...............
.# ##+#.#...........####..#.##.#
.# #.#.#.......#...####..#.##.#
.#####.....................[.....
...............................(.
......................###..#.##.#
##.###.#....####g#.#.............
...............†g................
##.###.#.#..####@#.#..###..#.##.#
#.###.#.#..####g#.#..###........
##...........................####
......................###.##.#
##.....#.##.#.........# #.##.#
#....(#.##.#.####.#..# #.##.#
#............# #.#..###.##.####
##....#.##...# #.#.............
#.####.##...####.#.####.##.###.


You could see 3 gnolls.

Vanquished Creatures
  A crimson imp (D:3)
  An orc wizard (D:3)
  4 adders
  3 oozes (D:3)
  3 worms
  2 dart slugs
  2 leopard geckos (D:2)
  2 orcs (D:3)
  7 bats
  8 giant cockroaches
  8 goblins
  12 hobgoblins
  2 jackals (D:2)
  2 quokkas (D:3)
  2 ball pythons
  9 frilled lizards
  7 kobolds
  6 rats
81 creatures vanquished.

Notes
Turn   | Place    | Note
-------+----------+-------------------------------------------
     0 | D:1      | kae the Barachian Fighter began the quest for the Orb.
     0 | D:1      | Reached XP level 1. HP: 18/18 MP: 1/1
   173 | D:1      | Reached XP level 2. HP: 23/24 MP: 2/2
   436 | D:1      | Reached XP level 3. HP: 29/29 MP: 3/3
   739 | D:2      | HP: 1/29 [poisoned by an adder]
   772 | D:2      | Reached XP level 4. HP: 25/36 MP: 4/4
  1522 | D:3      | Reached XP level 5. HP: 30/42 MP: 5/5
  2556 | D:3      | Slain by a gnoll

Vault maps used:
D:1:      dpeg_arrival_prison
D:3:      first_bread, kennysheep_cross_room

Skill      XL: |  1  2  3  4  5 |
---------------+----------------+-----
Long Blades    | 3 4 |  4.9
Armour         | 4 |  4.3
Fighting       | 4 |  4.3
Shields        | |  3.0

Action                   |  1- 3 |  4- 6 || total
-------------------------+-------+-------++-------
Melee: Long sword        |   113 |   247 ||   360
 Abil: Hop               |     1 |     2 ||     3
  Use: Potion            |     3 |     1 ||     4
       Scroll            |       |     6 ||     6
  Eat: Chunk             |       |     9 ||     9
Armor: Scale mail        |    81 |   157 ||   238
Dodge: Dodged            |    37 |    64 ||   101
Block: Shield            |    72 |   125 ||   197
       Rpst.: Long sword |    17 |    21 ||    38
